 Dungeon Crawl Stone Soup version 0.26-a0-1012-gedcf9b2963 (webtiles) character file.

Game seed: 17279464976862591657

38 Descartes the Sneak (level 3, -6/17 HPs)
             Began as a Felid Delver on Dec 7, 2020.
             Mangled by a bullfrog zombie (7 damage)
             ... on level 5 of the Dungeon.
             The game lasted 00:01:44 (698 turns).

Descartes the Sneak (Felid Delver)                   Turns: 698, Time: 00:01:46

Health: -6/17      AC:  1    Str:  8    XL:     3   Next: 25%
Magic:  4/4        EV: 18    Int: 12    God:
Gold:   35         SH:  0    Dex: 17    Spells: 2/2 levels left
                                        Lives:  0   Deaths: 0

rFire    . . .     SeeInvis +     - Unarmed
rCold    . . .     Faith    .   (shield unavailable)
rNeg     . . .     Spirit   .   (armour unavailable)
rPois    .         Reflect  .   (helmet unavailable)
rElec    .         Harm     .   (cloak unavailable)
rCorr    .         Rampage  .   (gloves unavailable)
Will     .....                  (boots unavailable)
Stlth    ++++......             (no amulet)
HPRegen  0.05/turn              (no ring)
MPRegen  0.09/turn              (no ring)

@: quick
A: very small, no armour, no weapons or thrown items, stealth, claws 1, fangs 3,
see invisible, speed 1, shaggy fur 1, sharp paws
a: no special abilities


You were on level 5 of the Dungeon.
You visited 1 branch of the dungeon, and saw 1 of its levels.

You collected 35 gold pieces.

Inventory:

Wands
 e - a wand of digging (3)
Scrolls
 a - a scroll of fog
 b - a scroll of magic mapping
 c - a scroll of fear
 f - a scroll of teleportation {unknown}
 g - a scroll of amnesia {unknown}
Potions
 d - a potion of haste


   Skills:
 - Level 3.1 Fighting
 - Level 2.7 Dodging
 + Level 7.9 Stealth
 - Level 2.0 Unarmed Combat


You had 2 spell levels left.
You didn't know any spells.
Your spell library was empty.

Dungeon Overview and Level Annotations

Branches:
Dungeon (5/15)
 Temple: D:4-7

Altars:

Shops:
D:5 !


Innate Abilities, Weirdness & Mutations

You cannot wear armour.
You are incapable of wielding weapons or throwing items.
Your paws allow you to move quietly. (Stealth)
You have sharp claws.
You have razor-sharp teeth.
You have supernaturally acute eyesight. (SInv)
You cover ground quickly.
You are covered in fur. (AC +1)
Your sharp claws are effective at attacking unaware monsters.


Message History

The bullfrog zombie is lightly damaged.
The bullfrog zombie closely misses you.
You scratch the bullfrog zombie.
The bullfrog zombie is lightly damaged.
The bullfrog zombie hits you.
You are too injured to fight recklessly!
You scratch the bullfrog zombie.
The bullfrog zombie is moderately damaged.
The bullfrog zombie completely misses you.
You scratch the bullfrog zombie. You bite the bullfrog zombie.
The bullfrog zombie is heavily damaged.
The bullfrog zombie hits you.
* * * LOW HITPOINT WARNING * * *
You completely miss the bullfrog zombie.
You bite the bullfrog zombie.
The bullfrog zombie is heavily damaged.
The bullfrog zombie hits you.
* * * LOW HITPOINT WARNING * * *
The bullfrog zombie hits you!
You die...

#.#...#.#.#
#.#).<#.#.#
.#
#.#...#.#.#
.#
#.'.....#.#
.#
###...###.#
.# #...#
#.# .#
##### #.#
.# ##.##Z#
#...@.#
#..####
#..# #..#
#... #.##
#. #.


You could see a bullfrog zombie.

Vanquished Creatures
  An iguana (D:5)
  An adder (D:5)
  An orc (D:5)
  A giant cockroach (D:5)
4 creatures vanquished.

Notes
Turn   | Place    | Note
-------+----------+-------------------------------------------
     0 | D:5      | Descartes the Felid Delver began the quest for the Orb.
     0 | D:5      | Reached XP level 1. HP: 10/10 MP: 2/2
    40 | D:5      | Reached skill level 7 in Stealth
    40 | D:5      | Reached XP level 2. HP: 9/14 MP: 3/3
   240 | D:5      | Found Plog's Distillery.
   313 | D:5      | Reached XP level 3. HP: 1/17 MP: 4/4
   698 | D:5      | Mangled by a bullfrog zombie

Illustrated notes

Levels and vault maps discovered:
D:5:      layout_basic, serial_shops, nicolae_shop_trees, grunt_ministairs_6,
          kennysheep_generic_room_12

Skill      XL: |  1 |
---------------+----+-----
Stealth        | 7 |  7.9
Fighting       | |  3.1
Dodging        | |  2.7
Unarmed Combat | |  2.0

Action                   || total
-------------------------++-------
Melee: Unarmed           ||    24
       Bite              ||     4
 Stab: Sleeping          ||     2
Armor: Skin              ||     1
Dodge: Dodged            ||    15

Table legend: (Time is in decaauts)
 A = Elapsed time spent in this place.
 B = Non-inter-level travel time spent in this place.
 C = Inter-level travel time spent in this place.
 D = Time resting spent in this place.
 E = Time spent auto-exploring this place.
 F = Levels seen in this place.
 G = Mean time per level.
                   A        B        C        D        E       F      G
               +--------+--------+--------+--------+--------+-----+--------+
         Total |    645 |    645 |      0 |      0 |    603 |   1 |  645.0 |
       Dungeon |    645 |    645 |      0 |      0 |    603 |   1 |  645.0 |
               +--------+--------+--------+--------+--------+-----+--------+

Top non-repeatable levels by time:
     D:5: 645 daAuts
